Map: Eternal Empire LE

Players

HuShang

  • Race: Protoss Protoss
  • League: Master
  • Spawn Location: 7:00

A.I. 2 (Very Easy) - Winner!

  • Race: Terran Terran
  • Spawn Location: 1:00

VOD

Have the link to the VOD?

Description

Time

  • Played on: Aug. 11, 2020, 12:57 p.m.
  • Length: 4:25
Show
View Real Time Build Order
Export as new Build Order

HuShang Protoss 

Build Orders:  

Get SALT Encoding   

  12  0:08  Pylon  
  12  0:12  Probe  
  13  0:26  Gateway  
  13  0:30  Probe (Chrono Boost)  
  14  0:42  Probe (Chrono Boost), Assimilator  
  15  0:47  Probe (Chrono Boost)  
  16  0:50  Assimilator  
  16  0:56  Probe  
  17  1:08  Probe  
  18  1:13  Cybernetics Core  
  18  1:21  Probe  
  18  1:24  Zealot  
  21  1:33  Pylon  
  21  1:52  Adept (Chrono Boost), Stargate  
  21  2:01  Probe  
  24  2:13  Probe  
  24  2:15  Warp Gate  
  25  2:25  Probe  
  30  2:37  Probe  
  30  2:38  Void Ray (Chrono Boost)  
  31  2:47  Shield Battery  
  31  2:55  Pylon  
  31  3:19  Void Ray (Chrono Boost)  
  33  3:52  Void Ray (Chrono Boost)  
  37  3:56  Gateway  
  37  3:57  Gateway x2  
  37  4:07  Stalker  
  39  4:10  Shield Battery  
Show
View Real Time Build Order
Export as new Build Order

A.I. 2 (Very Easy) Terran - Winner!

Build Orders: Reaper Expand 

Get SALT Encoding   

  12  0:00  SCV  
  13  0:13  SCV  
  14  0:19  Supply Depot  
  14  0:43  Barracks  
  14  1:04  Command Center  
  14  1:30  Marine  
  15  1:32  Orbital Command, Supply Depot  
  15  1:39  Refinery  
  15  1:50  Refinery  
  15  1:58  SCV  
  16  2:10  SCV  
  17  2:17  SCV  
  17  2:18  Reaper  
  19  2:24  SCV  
  20  2:31  SCV  
  21  2:38  SCV  
  22  2:45  SCV  
  23  2:53  SCV  
  22  3:02  SCV  
  20  3:07  Marine  
  20  3:09  SCV  
  18  3:16  SCV  
  17  3:24  SCV  
  18  3:31  SCV  
  17  3:38  SCV  
  18  3:45  SCV  
  17  3:53  SCV  
  17  3:55  Marine  
  14  4:00  SCV  
  14  4:07  SCV  
  11  4:15  Barracks Tech Lab  
Tags
 
Add a new tag
Caveats
  • Supply blocks, unpowered buildings, or Contaminate may cause inaccurate times.
  • Supply counts are checked every 10 seconds.